 Dungeon Crawl Stone Soup version 0.29.0-4-gdea44cf6ec (webtiles) character file.

Game seed: 584780649178878355

8792 qw the Grappler (level 11, -3/92 HPs)
             Began as a Ghoul Fire Elementalist on Aug 30, 2022.
             Was a Priest of Okawaru.
             Slain by Urug
             ... wielding a +2 double sword of holy wrath
              (5 damage)
             ... while petrified by a basilisk
             ... on level 1 of the Lair of Beasts.
             The game lasted 00:06:59 (11013 turns).

qw the Grappler (Ghoul Fire Elementalist)          Turns: 11013, Time: 00:06:59

Health: -3/92      AC: 20    Str: 25    XL:     11   Next: 36%
Magic:  13/13      EV:  2    Int: 10    God:    Okawaru [***...]
Gold:   656        SH:  0    Dex:  9    Spells: 12/13 levels left

rFire   . . .      SeeInvis .     - Unarmed
rCold   + . .      Faith    .   h - +0 kite shield
rNeg    + + +      Spirit   .   u - +0 plate armour
rPois   inf        Reflect  .   b - +0 helmet
rElec   .          Harm     .   c - +0 cloak of a bailey {Regen+ rCorr Str+2 Slay+3}
rCorr   +          Rampage  .   n - +0 pair of gloves
Will    .....                   t - +0 pair of boots
Stlth   ..........              a - amulet of the acrobat
HPRegen 0.00/turn               k - +6 ring of strength
MPRegen 0.13/turn               (no ring)

@: petrified, heroic, marked, inhibited regen
A: claws 1, cold resistance 1, negative energy resistance 3, inhibited
regeneration, torment resistance 2, devour on kill
a: Renounce Religion, Heroism


You were on level 1 of the Lair of Beasts.
You worshipped Okawaru.
Okawaru was most pleased with you.
You visited 3 branches of the dungeon, and saw 12 of its levels.

You collected 656 gold pieces.


Innate Abilities, Weirdness & Mutations

You are immune to poison.
You have sharp fingernails.
Your flesh is cold resistant. (rC+)
You are immune to negative energy. (rN+++)
You do not regenerate when monsters are visible.
You are immune to unholy pain and torment.
You thrive by killing the living.


   Skills:
 - Level 7.1(12.1) Fighting
 - Level 3.0(8.0) Throwing
 - Level 5.0(10.0) Armour
 - Level 1.7(6.7) Dodging
 - Level 2.1(7.1) Stealth
 - Level 7.0(12.0) Shields
 + Level 12.7(17.7) Unarmed Combat
 - Level 1.7 Spellcasting
 - Level 0.7 Conjurations
 - Level 2.4 Fire Magic
 - Level 4.2 Invocations


You had 12 spell levels left.
You knew the following spells:

 Your Spells              Type           Power      Damage    Failure   Level
a - Foxfire               Conj/Fire      16%        2x1d4     98%         1

Your spell library contained the following spells:

 Spells                   Type           Power      Damage    Failure   Level
 Scorch                   Fire           10%        2d6       98%         2
 Conjure Flame            Conj/Fire      4%         6-21      100%        3
 Inner Flame              Hex/Fire       3%         N/A       100%        3
 Flame Wave               Conj/Fire      4%         2d5       100%        4

Inventory:

Missiles
 m - 7 boomerangs (quivered)
Armour
 b - a +0 helmet (worn)
 c - the +0 cloak of a bailey (worn) {Regen+ rCorr Str+2 Slay+3}
   (You found it on level 4 of the Dungeon)

   Str:       It affects your strength (+2).
   Slay:      It affects your accuracy & damage with ranged weapons and melee
   (+3).
   Regen:     It increases your rate of health regeneration.
   rCorr:     It protects you from acid and corrosion.
 h - a +0 kite shield (worn)
 n - a +0 pair of gloves (worn)
 t - a +0 pair of boots (worn)
 u - a +0 plate armour (worn)
Jewellery
 a - an amulet of the acrobat (around neck)
 k - a +6 ring of strength (left hand)
 p - a ring of fire
Scrolls
 r - a scroll of identify
Potions
 d - a potion of berserk rage {unknown}
 e - 2 potions of might
 f - a potion of mutation {unknown}
 i - a potion of lignification {unknown}
 j - a potion of degeneration {unknown}
 l - a potion of magic
 o - 3 potions of haste
 q - a potion of resistance {unknown}
 s - a potion of ambrosia {unknown}
 w - a potion of cancellation {unknown}

Dungeon Overview and Level Annotations

Branches:
Dungeon (10/15)            Temple (1/1) D:6            Lair (1/5) D:10
    Orc (0/2) D:9

Altars:
Ashenzari
Cheibriados
Dithmenos
Fedhas
Gozag
Hepliaklqana
Kikubaaqudgha
Makhleb
Nemelex Xobeh
Okawaru
Qazlal
Ru
Sif Muna
Trog
Uskayaw
Vehumet
Wu Jian
Xom
Yredelemnul

Annotations:
D:6 1 runed translucent door, Crazy Yiuf
D:8 3 runed translucent doors, qw's ghost, novice TeWr
Lair:1 Harold; Urug


Message History

Harold hits you with a +1 morningstar of draining!
You barely miss Harold.
Harold is lightly wounded.
You block Harold's attack.
The cane toad stings you but does no damage.
Your limbs are stiffening.
You hit Harold.
Harold is moderately wounded.
The cane toad stings you. Harold gestures at you while chanting.
The mark upon you grows brighter.
You have turned to stone.
The cane toad stings you but does no damage.
Harold hits you with a +1 morningstar of draining!
The cane toad stings you!
Harold hits you with a +1 morningstar of draining.
The cane toad stings you!
Urug hits you with a +2 double sword of holy wrath!!
You convulse!
Harold hits you but does no damage.
The cane toad stings you but does no damage.
Urug hits you but does no damage.
Harold hits you with a +1 morningstar of draining.
The cane toad barely misses you. The cane toad stings you!
The basilisk bites you!
Urug hits you with a +2 double sword of holy wrath.
You convulse.
Harold hits you with a +1 morningstar of draining.
The cane toad stings you. The basilisk gazes at you.
You resist with some effort.
Urug hits you with a +2 double sword of holy wrath!
You convulse!
Harold says, "Listen, it's nothing personal.
It's just a job."
Harold hits you but does no damage.
The cane toad stings you but does no damage.
The basilisk gazes at you.
Harold says, "This is so exciting!
What a great way to end my career!"
Harold hits you with a +1 morningstar of draining!
Urug hits you with a +2 double sword of holy wrath!
You convulse!
You die...

#......#.....### (....
#......##.....#. #....
#......##.......
##....##......##....#..
.#P....#P......'.....#P.
.......##......##....#..
#.....####.####....###
###...F#o..##.###....###
......@@........(.......
#P#.##l.#######.########
#### ###


You could see Harold, Urug, a cane toad and a basilisk.

Vanquished Creatures
  Erica (D:8)
  Amaemon (D:8)
  An orange demon (D:8)
  Maggie (D:6)
  2 hornets
  Grinder (D:6)
  Sigmund (D:3)
  A shadow (D:10)
  3 wyverns (D:10)
  12 yaks
  3 vampire mosquitoes (D:10)
  2 acid dragons (D:10)
  A water moccasin (Lair:1)
  A black bear (D:7)
  An orc warrior (D:9)
  A sky beast (D:7)
  5 ice beasts
  3 centaurs
  A phantom (D:5)
  3 kobold brigands
  4 bullfrogs
  A necrophage (D:6)
  12 wights
  6 killer bees (D:10)
  3 howler monkeys
  An electric eel (D:8)
  4 hounds
  A jelly (D:6)
  13 orc wizards
  8 adders
  7 gnolls
  A shadow imp (D:5)
  A white imp (D:5)
  A worm (D:2)
  2 dart slugs
  40 orcs
  3 bats
  8 endoplasms
  3 giant cockroaches
  4 goblins (D:7)
  7 hobgoblins
  2 jackals (D:5)
  20 kobolds
  2 quokkas
  4 ball pythons
  2 frilled lizards (D:1)
  3 rats (D:2)
208 creatures vanquished.

Notes
Turn   | Place    | Note
-------+----------+-------------------------------------------
     0 | D:1      | qw the Ghoul Fire Elementalist began the quest for the Orb.
     0 | D:1      | Reached XP level 1. HP: 14/14 MP: 2/2
     0 | D:1      | 0 ||| qw: Version: 0.1-a-90-g952f4b7
     0 | D:1      | 0 ||| qw: Game counter: 4291
     0 | D:1      | 0 ||| qw: Always use a shield: true
     0 | D:1      | 0 ||| qw: God list: Okawaru
     0 | D:1      | 0 ||| qw: Allow faded altars: false
     0 | D:1      | 0 ||| qw: Do Orc after D:15 true
     0 | D:1      | 0 ||| qw: Do second Lair branch before Depths: true
     0 | D:1      | 0 ||| qw: Lair rune preference: random
     0 | D:1      | 0 ||| qw: Plans: Normal
     0 | D:1      | 0 ||| PLANNING D:1-11
   319 | D:1      | 319 ||| Stepping ~*~*~tactically~*~*~ (stealth).
   321 | D:1      | 321 ||| Stepping ~*~*~tactically~*~*~ (stealth).
   324 | D:1      | 324 ||| Stepping ~*~*~tactically~*~*~ (outnumbered).
   331 | D:1      | Reached skill level 1 in Unarmed Combat
   362 | D:1      | 362 ||| Stepping ~*~*~tactically~*~*~ (stealth).
   381 | D:1      | 381 ||| Stepping ~*~*~tactically~*~*~ (stealth).
   650 | D:1      | Reached skill level 1 in Fighting
   650 | D:1      | Reached XP level 2. HP: 23/23 MP: 3/3
   841 | D:1      | 841 ||| Stepping ~*~*~tactically~*~*~ (stealth).
   842 | D:1      | 842 ||| Stepping ~*~*~tactically~*~*~ (stealth).
   843 | D:1      | 843 ||| Stepping ~*~*~tactically~*~*~ (stealth).
   845 | D:1      | 845 ||| Stepping ~*~*~tactically~*~*~ (stealth).
  1081 | D:1      | Reached skill level 2 in Unarmed Combat
  1272 | D:1      | 1272 ||| READING scroll labelled VORIAR YSANO.
  1273 | D:1      | 1273 ||| READING scroll labelled WOKLOH WOCIZIY.
  1274 | D:1      | 1274 ||| READING scroll labelled BUAM APOONN.
  1275 | D:1      | 1275 ||| READING scroll labelled UPNONISHR ZAWEE.
  1276 | D:1      | 1276 ||| DROPPING potion of magic.
  1464 | D:2      | Found a faded altar of an unknown god.
  1511 | D:2      | Reached XP level 3. HP: 18/28 MP: 4/4
  1985 | D:2      | 1985 ||| Stepping ~*~*~tactically~*~*~ (stealth).
  1987 | D:2      | 1987 ||| Stepping ~*~*~tactically~*~*~ (stealth).
  2005 | D:2      | 2005 ||| Stepping ~*~*~tactically~*~*~ (stealth).
  2025 | D:2      | HP: 6/28 [adder (3)]
  2029 | D:2      | Reached skill level 3 in Unarmed Combat
  2031 | D:2      | HP: 5/28 [hobgoblin (1)]
  2032 | D:2      | HP: 2/28 [hobgoblin (3)]
  2640 | D:2      | Reached XP level 4. HP: 33/35 MP: 5/5
  2785 | D:2      | 2785 ||| UPGRADING to +0 helmet.
  2790 | D:2      | 2790 ||| UPGRADING to +0 leather armour.
  2800 | D:2      | 2800 ||| DROPPING +0 robe.
  2801 | D:2      | 2801 ||| UPGRADING to +0 kite shield.
  2806 | D:2      | 2806 ||| UPGRADING to +0 ring mail.
  2816 | D:2      | 2816 ||| DROPPING +0 leather armour.
  2817 | D:2      | 2817 ||| UPGRADING to +0 chain mail.
  2827 | D:2      | 2827 ||| DROPPING +0 ring mail.
  2828 | D:2      | 2828 ||| READING scroll labelled VUISIANGUI.
  2829 | D:2      | 2829 ||| READING scroll labelled YFIREPNERR.
  2830 | D:2      | 2830 ||| READING 2 scrolls labelled SUOLUSOURU.
  2835 | D:2      | 2835 ||| DRINKING 2 red potions.
  2861 | D:3      | Noticed Sigmund
  2873 | D:3      | Killed Sigmund
  2874 | D:3      | Reached skill level 3 in Shields
  2874 | D:3      | Reached XP level 5. HP: 31/40 MP: 6/6
  3761 | D:4      | Reached XP level 6. HP: 47/47 MP: 7/7
  3774 | D:4      | 3774 ||| Stepping ~*~*~tactically~*~*~ (stealth).
  3777 | D:4      | 3777 ||| Stepping ~*~*~tactically~*~*~ (stealth).
  3778 | D:4      | 3778 ||| Stepping ~*~*~tactically~*~*~ (stealth).
  3779 | D:4      | 3779 ||| Stepping ~*~*~tactically~*~*~ (stealth).
  3792 | D:4      | 3792 ||| Stepping ~*~*~tactically~*~*~ (stealth).
  3813 | D:4      | 3813 ||| Stepping ~*~*~tactically~*~*~ (stealth).
  3816 | D:4      | Reached skill level 4 in Unarmed Combat
  3820 | D:4      | 3820 ||| Stepping ~*~*~tactically~*~*~ (outnumbered).
  3821 | D:4      | 3821 ||| Stepping ~*~*~tactically~*~*~ (outnumbered).
  3989 | D:4      | Identified the +0 cloak of a bailey {Regen+ rCorr Str+2
                  | Slay+3}
  4222 | D:4      | 4222 ||| UPGRADING to +0 cloak of a bailey {Regen+ rCorr
                  | Str+2 Slay+3}.
  4227 | D:4      | 4227 ||| READING scroll labelled UHEOQO RIZU.
  4228 | D:4      | 4228 ||| READING scroll labelled MAIRHA XIUWI.
  4229 | D:4      | 4229 ||| READING scroll labelled UBBEM CUICS.
  4230 | D:4      | 4230 ||| DRINKING 2 white potions.
  4248 | D:5      | Entered Level 5 of the Dungeon
  4264 | D:5      | 4264 ||| Stepping ~*~*~tactically~*~*~ (hiding).
  4341 | D:5      | 4341 ||| Stepping ~*~*~tactically~*~*~ (stealth).
  4366 | D:5      | Reached skill level 1 in Armour
  4512 | D:5      | Noticed an ice beast
  4529 | D:5      | Killed an ice beast
  4568 | D:5      | 4568 ||| Stepping ~*~*~tactically~*~*~ (hiding).
  4621 | D:5      | 4621 ||| Stepping ~*~*~tactically~*~*~ (stealth).
  4627 | D:5      | Reached XP level 7. HP: 55/55 MP: 8/8
  4632 | D:5      | 4632 ||| Stepping ~*~*~tactically~*~*~ (outnumbered).
  4633 | D:5      | 4633 ||| Stepping ~*~*~tactically~*~*~ (outnumbered).
  4640 | D:5      | Reached skill level 5 in Unarmed Combat
  4907 | D:5      | Reached skill level 6 in Unarmed Combat
  4908 | D:5      | 4908 ||| Stepping ~*~*~tactically~*~*~ (outnumbered).
  4909 | D:5      | 4909 ||| Stepping ~*~*~tactically~*~*~ (outnumbered).
  4912 | D:5      | 4912 ||| DRINKING 2 potions of curing.
  4912 | D:5      | 4912 ||| (to cure confusion)
  4913 | D:5      | 4913 ||| DRINKING potion of curing.
  4913 | D:5      | 4913 ||| (to cure confusion)
  4920 | D:5      | Reached skill level 3 in Fighting
  5135 | D:6      | Noticed Grinder
  5142 | D:6      | 5142 ||| Stepping ~*~*~tactically~*~*~ (outnumbered).
  5143 | D:6      | 5143 ||| Stepping ~*~*~tactically~*~*~ (outnumbered).
  5146 | D:6      | Killed Grinder
  5147 | D:6      | Reached skill level 7 in Unarmed Combat
  5147 | D:6      | Reached XP level 8. HP: 36/63 MP: 9/9
  5151 | D:6      | HP: 13/63 [orc/+0 mace (4)]
  5152 | D:6      | 5152 ||| READING 3 scrolls of teleportation.
  5154 | D:6      | HP: 3/63 [bullfrog (4)]
  5157 | D:6      | 5157 ||| READING 2 scrolls of teleportation.
  5243 | D:6      | 5243 ||| Stepping ~*~*~tactically~*~*~ (stealth).
  5375 | D:6      | Noticed Maggie
  5376 | D:6      | 5376 ||| Stepping ~*~*~tactically~*~*~ (hiding).
  5391 | D:6      | HP: 13/63 [Maggie/+0 morningstar of protection (3)]
  5392 | D:6      | 5392 ||| READING scroll of teleportation.
  5394 | D:6      | HP: 6/63 [Maggie/+0 morningstar of protection (5)]
  5493 | D:6      | HP: 13/63 [Maggie/puff of flame (5)]
  5495 | D:6      | Killed Maggie
  5496 | D:6      | Reached skill level 8 in Unarmed Combat
  5788 | D:6      | Found a runed translucent door.
  5789 | D:6      | Noticed Crazy Yiuf
  5822 | D:6      | 5822 ||| Stepping ~*~*~tactically~*~*~ (stealth).
  5825 | D:6      | 5825 ||| DRINKING 2 potions of curing.
  5825 | D:6      | 5825 ||| (to cure confusion)
  5830 | D:6      | 5830 ||| DRINKING potion of curing.
  5830 | D:6      | 5830 ||| (to cure confusion)
  6144 | D:6      | Found a staircase to the Ecumenical Temple.
  6145 | D:6      | 6145 ||| PLANNING TEMPLE
  6145 | D:6      | 6145 ||| UPGRADING to +0 pair of gloves.
  6150 | D:6      | 6150 ||| UPGRADING to amulet of the acrobat.
  6163 | Temple   | Entered the Ecumenical Temple
  6339 | Temple   | Became a worshipper of Warmaster Okawaru
  6688 | Temple   | 6688 ||| PLANNING D:1-11
  6949 | D:6      | Reached skill level 9 in Unarmed Combat
  6949 | D:6      | Reached XP level 9. HP: 71/71 MP: 10/10
  6952 | D:6      | 6952 ||| Stepping ~*~*~tactically~*~*~ (outnumbered).
  7313 | D:6      | 7313 ||| DRINKING 2 fuming silvery potions.
  7345 | D:7      | 7345 ||| Stepping ~*~*~tactically~*~*~ (stealth).
  7356 | D:7      | 7356 ||| Stepping ~*~*~tactically~*~*~ (outnumbered).
  7531 | D:7      | Found a flagged portal.
  7551 | D:7      | 7551 ||| Stepping ~*~*~tactically~*~*~ (water).
  7760 | D:7      | 7760 ||| Stepping ~*~*~tactically~*~*~ (hiding).
  7788 | D:7      | 7788 ||| Stepping ~*~*~tactically~*~*~ (stealth).
  7794 | D:7      | 7794 ||| Stepping ~*~*~tactically~*~*~ (outnumbered).
  7814 | D:7      | 7814 ||| Stepping ~*~*~tactically~*~*~ (stealth).
  8135 | D:7      | 8135 ||| UPGRADING to +0 pair of boots.
  8140 | D:7      | 8140 ||| READING scroll labelled RIHIOM INIAN.
  8141 | D:7      | 8141 ||| DRINKING 3 golden potions.
  8142 | D:7      | 8142 ||| DROPPING 2 potions of invisibility.
  8171 | D:8      | 8171 ||| Stepping ~*~*~tactically~*~*~ (outnumbered).
  8172 | D:8      | 8172 ||| Stepping ~*~*~tactically~*~*~ (outnumbered).
  8173 | D:8      | 8173 ||| Stepping ~*~*~tactically~*~*~ (outnumbered).
  8174 | D:8      | 8174 ||| Stepping ~*~*~tactically~*~*~ (outnumbered).
  8175 | D:8      | 8175 ||| Stepping ~*~*~tactically~*~*~ (outnumbered).
  8176 | D:8      | 8176 ||| STAIRDANCE
  8181 | D:7      | Reached * piety under Okawaru
  8233 | D:8      | Noticed an orange demon
  8234 | D:8      | Noticed Amaemon
  8234 | D:8      | 8234 ||| Stepping ~*~*~tactically~*~*~ (stealth).
  8236 | D:8      | 8236 ||| Stepping ~*~*~tactically~*~*~ (hiding).
  8237 | D:8      | 8237 ||| INVOKING Heroism.
  8248 | D:8      | Killed Amaemon
  8249 | D:8      | Reached skill level 3 in Invocations
  8253 | D:8      | 8253 ||| INVOKING Heroism.
  8261 | D:8      | Killed an orange demon
  8481 | D:8      | Noticed Erica
  8482 | D:8      | 8482 ||| Stepping ~*~*~tactically~*~*~ (hiding).
  8483 | D:8      | 8483 ||| Stepping ~*~*~tactically~*~*~ (hiding).
  8484 | D:8      | 8484 ||| Stepping ~*~*~tactically~*~*~ (hiding).
  8485 | D:8      | 8485 ||| INVOKING Heroism.
  8495 | D:8      | Killed Erica
  8495 | D:8      | Reached ** piety under Okawaru
  8496 | D:8      | Reached skill level 10 in Unarmed Combat
  8496 | D:8      | Reached XP level 10. HP: 76/81 MP: 10/12
  8522 | D:8      | Reached skill level 6 in Fighting
  8583 | D:8      | 8583 ||| INVOKING Heroism.
  8589 | D:8      | 8589 ||| Stepping ~*~*~tactically~*~*~ (outnumbered).
  8631 | D:8      | 8631 ||| INVOKING Heroism.
  8642 | D:8      | 8642 ||| Stepping ~*~*~tactically~*~*~ (outnumbered).
  8643 | D:8      | 8643 ||| Stepping ~*~*~tactically~*~*~ (outnumbered).
  8644 | D:8      | 8644 ||| Stepping ~*~*~tactically~*~*~ (outnumbered).
  8645 | D:8      | 8645 ||| Stepping ~*~*~tactically~*~*~ (outnumbered).
  8648 | D:8      | 8648 ||| Stepping ~*~*~tactically~*~*~ (outnumbered).
  8651 | D:8      | Reached skill level 11 in Unarmed Combat
  8651 | D:8      | 8651 ||| FLEEEEING.
  8653 | D:8      | 8653 ||| FLEEEEING.
  8654 | D:8      | 8654 ||| FLEEEEING.
  8655 | D:8      | 8655 ||| FLEEEEING.
  8656 | D:8      | 8656 ||| FLEEEEING.
  8657 | D:8      | 8657 ||| FLEEEEING.
  8658 | D:8      | 8658 ||| FLEEEEING.
  8727 | D:8      | 8727 ||| INVOKING Heroism.
  8923 | D:8      | Found a runed translucent gate.
  8923 | D:8      | Found a runed translucent gate.
  8923 | D:8      | Found a runed translucent gate.
  8946 | D:8      | Noticed qw's ghost (novice TeWr)
  9117 | D:8      | 9117 ||| READING scroll labelled PURASM YTREPS.
  9263 | D:9      | 9263 ||| Stepping ~*~*~tactically~*~*~ (hiding).
  9279 | D:9      | 9279 ||| INVOKING Heroism.
  9332 | D:9      | Found a staircase to the Orcish Mines.
  9333 | D:9      | 9333 ||| Stepping ~*~*~tactically~*~*~ (stealth).
  9335 | D:9      | 9335 ||| INVOKING Heroism.
  9375 | D:9      | 9375 ||| Stepping ~*~*~tactically~*~*~ (hiding).
  9376 | D:9      | 9376 ||| Stepping ~*~*~tactically~*~*~ (hiding).
  9513 | D:9      | 9513 ||| INVOKING Heroism.
  9590 | D:9      | 9590 ||| Stepping ~*~*~tactically~*~*~ (stealth).
  9597 | D:9      | Reached skill level 6 in Shields
  9598 | D:9      | 9598 ||| INVOKING Heroism.
  9599 | D:9      | 9599 ||| Stepping ~*~*~tactically~*~*~ (outnumbered).
  9602 | D:9      | 9602 ||| Stepping ~*~*~tactically~*~*~ (outnumbered).
  9754 | D:9      | 9754 ||| Stepping ~*~*~tactically~*~*~ (stealth).
  9756 | D:9      | 9756 ||| Stepping ~*~*~tactically~*~*~ (stealth).
  9757 | D:9      | 9757 ||| INVOKING Heroism.
  9761 | D:9      | 9761 ||| Stepping ~*~*~tactically~*~*~ (stealth).
  9778 | D:9      | Reached skill level 12 in Unarmed Combat
  9784 | D:9      | Reached *** piety under Okawaru
  9784 | D:9      | Received a gift from Okawaru
  9788 | D:9      | 9788 ||| INVOKING Heroism.
  9990 | D:9      | 9990 ||| UPGRADING to +0 plate armour.
 10000 | D:9      | 10000 ||| DROPPING +0 chain mail.
 10001 | D:9      | 10001 ||| DRINKING 2 coppery potions.
 10002 | D:9      | 10002 ||| DROPPING potion of attraction.
 10023 | D:10     | Entered Level 10 of the Dungeon
 10037 | D:10     | 10037 ||| INVOKING Heroism.
 10075 | D:10     | Found a staircase to the Lair.
 10161 | D:10     | 10161 ||| Stepping ~*~*~tactically~*~*~ (hiding).
 10162 | D:10     | 10162 ||| Stepping ~*~*~tactically~*~*~ (hiding).
 10287 | D:10     | Reached XP level 11. HP: 81/92 MP: 13/13
 10292 | D:10     | 10292 ||| FLEEEEING.
 10293 | D:10     | 10293 ||| FLEEEEING.
 10294 | D:10     | 10294 ||| FLEEEEING.
 10295 | D:10     | 10295 ||| FLEEEEING.
 10296 | D:10     | 10296 ||| FLEEEEING.
 10297 | D:10     | 10297 ||| FLEEEEING.
 10298 | D:10     | 10298 ||| FLEEEEING.
 10299 | D:10     | 10299 ||| FLEEEEING.
 10474 | D:10     | Found a burning altar of Makhleb.
 10480 | D:10     | 10480 ||| READING scroll labelled ZAN TAKKUDD.
 10481 | D:10     | 10481 ||| Stepping randomly (stuck).
 10482 | D:10     | 10482 ||| Stepping randomly (stuck).
 10483 | D:10     | 10483 ||| Stepping randomly (stuck).
 10484 | D:10     | 10484 ||| Stepping randomly (stuck).
 10488 | D:10     | Reached skill level 3 in Throwing
 10488 | D:10     | 10488 ||| Stepping randomly (stuck).
 10493 | D:10     | 10493 ||| INVOKING Heroism.
 10812 | D:10     | 10812 ||| Stepping ~*~*~tactically~*~*~ (hiding).
 10831 | D:10     | 10831 ||| UPGRADING to +6 ring of strength.
 10832 | D:10     | 10832 ||| PLANNING LAIR
 10847 | Lair:1   | Entered Level 1 of the Lair of Beasts
 10851 | Lair:1   | 10851 ||| Stepping ~*~*~tactically~*~*~ (stealth).
 10855 | Lair:1   | 10855 ||| Stepping ~*~*~tactically~*~*~ (stealth).
 10858 | Lair:1   | 10858 ||| Stepping ~*~*~tactically~*~*~ (stealth).
 10869 | Lair:1   | 10869 ||| INVOKING Heroism.
 10995 | Lair:1   | Noticed Harold
 10996 | Lair:1   | 10996 ||| INVOKING Heroism.
 11002 | Lair:1   | Noticed Urug
 11012 | Lair:1   | HP: 20/92 [Urug/+2 double sword of holy wrath (5)]
 11013 | Lair:1   | HP: 9/92 [Harold/+1 morningstar of draining (5)]
 11013 | Lair:1   | HP: 2/92 [Urug/+2 double sword of holy wrath (7)]
 11013 | Lair:1   | Slain by Urug

Levels and vault maps discovered:
D:1:      matt_arrival_refuge, layout_basic
D:2:      minmay_general_purpose_star, layout_basic,
          shapermc_ecumenical_altar_mp_vishouse, hex_large, minivault_19,
          minmay_randomly_rotated_circles
D:3:      layout_basic, chequers_serial_rivers_large_a, minmay_misc_feat_plants,
          uniq_sigmund
D:4:      layout_rooms
D:5:      layout_cave_pods
D:6:      layout_basic, lemuel_temple_firewalk_b, uniq_crazy_yiuf_cottage,
          uniq_maggie, uniq_grinder
D:7:      layout_basic, enter_bailey_3, serial_corexii_hall,
          chequers_hall_statues_y, corexii_hall_statues_s,
          chequers_hall_statues_corner_a, chequers_avenue
D:8:      layout_basic, gammafunk_ghost_spectres, minivault_14, uniq_amaemon,
          uniq_erica
D:9:      layout_roguey, david_orc_2
D:10:     layout_irregular_city, amcnicky_altar_gilded, lair_entry_dummy,
          minmay_variable_closet
Temple:   mainiacjoe_temple_starburst
Lair:1:   layout_regular_city, grunt_megastairs_2, uniq_harold, uniq_urug

Skill      XL: |  1  2  3  4  5  6  7  8  9 10 11 |
---------------+----------------------------------+-----
Unarmed Combat | 1 2 3 4 7 9 10 12 | 12.7
Fighting       | 1 2 3 4 5 7 |  7.1
Shields        | 3 4 5 6 7 |  7.0
Armour         | 1 2 4 5 |  5.0
Throwing       | 2 3 |  3.0
Invocations    | 4 |  4.2
Dodging        | |  1.7
Stealth        | |  2.1
Spellcasting   | |  1.7
Conjurations   | |  0.7
Fire Magic     | |  2.4

Action                   |  1- 3 |  4- 6 |  7- 9 | 10-12 || total
-------------------------+-------+-------+-------+-------++-------
Melee: Unarmed           |   135 |    79 |   293 |   255 ||   762
       Punch             |     1 |       |       |       ||     1
Throw: Javelin           |    25 |    15 |    22 |    22 ||    84
       Boomerang         |     4 |    18 |    18 |       ||    40
Invok: Heroism           |       |       |     3 |    13 ||    16
  Use: Scroll            |     4 |     6 |     4 |     2 ||    16
       Potion            |       |     2 |     6 |     1 ||     9
Armor: Robe              |    22 |       |       |       ||    22
       Chain mail        |       |    33 |   171 |    28 ||   232
       Plate armour      |       |       |       |   103 ||   103
Dodge: Dodged            |    92 |    15 |    78 |    89 ||   274
Block: Kite shield       |       |    23 |   137 |   110 ||   270

Table legend:
 A = Non-vault XP
 B = Vault XP
 C = Vault XP percentage of total XP
 D = Non-vault monster count
 E = Vault monster count
 F = Vault count percentage of total count
                 A         B        C        D         E       F
            +---------+---------+-------+---------+---------+-------
      Total |    9475 |    3086 |  24.6 |     185 |      23 |  11.1
            +---------+---------+-------+---------+---------+-------
        D:1 |      27 |       0 |   0.0 |      14 |       0 |   0.0
        D:2 |      33 |      23 |  41.1 |      12 |       6 |  33.3
        D:3 |       8 |     223 |  96.5 |       4 |       1 |  20.0
        D:4 |      87 |       0 |   0.0 |      10 |       0 |   0.0
        D:5 |     688 |       0 |   0.0 |      20 |       0 |   0.0
        D:6 |     779 |     643 |  45.2 |      20 |       2 |   9.1
        D:7 |     846 |       8 |   0.9 |      30 |       4 |  11.8
        D:8 |     936 |    2038 |  68.5 |      16 |       3 |  15.8
        D:9 |    2273 |     151 |   6.2 |      25 |       7 |  21.9
       D:10 |    2232 |       0 |   0.0 |      25 |       0 |   0.0
     Lair:1 |    1566 |       0 |   0.0 |       9 |       0 |   0.0
            +---------+---------+-------+---------+---------+-------
